 Dungeon Crawl Stone Soup version 0.31-a0-826-ga5cc291a1b (webtiles) character file.

Game seed: 14601719563686177322

35 qw the Shooter (level 3, -2/22 HPs)
             Began as a Gargoyle Hunter on Sept 23, 2023.
             Slain by Sigmund
             ... wielding a +0 scythe
              (7 damage)
             ... on level 2 of the Dungeon.
             The game lasted 00:00:23 (894 turns).

qw the Shooter (Gargoyle Hunter)                     Turns: 894, Time: 00:00:23

Health: -2/22      AC:  6    Str: 11 (14) XL:     3   Next: 35%
Magic:  3/3        EV: 11    Int:  7 (9)  God:
Gold:   86         SH:  0    Dex: 12 (15) Spells: 2/2 levels left

rFire   . . .        Y - +0 shortbow
rCold   . . .        (shield currently unavailable)
rNeg    + . .        c - +0 leather armour
rPois   inf          (no helmet)
rElec   +            (no cloak)
rCorr   .            (no gloves)
SInv    .            (no boots)
Will    .....        (no amulet)
Stlth   +            (no ring)
HPRegen 0.23/turn    (no ring)
MPRegen 0.08/turn

%: no passive effects
@: no status effects
A: sickness immunity, AC +3, negative energy resistance 1, electricity
resistance, torment resistance 1, petrification resistance
a: no special abilities


You were on level 2 of the Dungeon.
You visited 1 branch of the dungeon, and saw 2 of its levels.

You collected 86 gold pieces.


Innate Abilities, Weirdness & Mutations

You are immune to sickness and miasma.
Your stone body is resilient. (AC +3)
You are immune to poison.
You resist negative energy. (rN+)
You are resistant to electric shocks. (rElec)
You are resistant to unholy torment.
You are immune to petrification.


   Skills:
 + Level 2.4 Fighting
 - Level 5.0 Ranged Weapons
 - Level 1.5 Dodging
 - Level 1.1 Stealth


You had 2 spell levels left.
You didn't know any spells.
Your spell library was empty.

Inventory:

Hand Weapons
 Y - a +0 shortbow (weapon)
Armour
 c - a +0 leather armour (worn)
Jewellery
 b - a ring of willpower
 d - an amulet of faith
Scrolls
 a - 2 scrolls of identify {unknown}
Potions
 h - a potion of curing {unknown}

Dungeon Overview and Level Annotations

Branches:
Dungeon (2/15)

Altars:

Shops:
D:1 =

Annotations:
D:2 Sigmund


Message History

Found a scale mail.
You see here a +0 dagger.
Found a stone staircase leading up.
Enter note:
Enter note: A goblin comes into view. It is wielding a +0 club.
Found a leather armour.
You shoot an arrow. The arrow hits the goblin!
You kill the goblin!
Found an escape hatch in the ceiling.
A ball python comes into view.
You shoot an arrow. The arrow hits the ball python.
You kill the ball python!
d - an amulet of faith
Found a stone staircase leading down.
There is a stone staircase leading down here.
Sigmund the Dreaded comes into view.
He is wielding a +0 scythe.
Sigmund shouts!
You shoot an arrow.
The arrow hits Sigmund but does no damage.
Sigmund misses you.
You shoot an arrow. The arrow barely misses Sigmund.
Sigmund mumbles some strange words.
Sigmund flickers and vanishes!
Deactivating autopickup; reactivate with Ctrl-A.
You shoot an arrow. Something hits you.
You shoot an arrow.
You hear some strange, mumbled words.
You are confused.
You shoot an arrow. Something hits you!
You shoot an arrow. Something hits you.
You shoot an arrow. Something hits you.
You shoot an arrow.
You feel less confused. Something hits you!
You die...

#..#####.........
#>.....#.........
#.####...........
#.# #......#...
#######.#
##.....#...
#.......#
.........
#.......#
.........
#.......#
######...
#.....@.# #...
#.....$.# #######
#... #######.{.
.....# #... #####
#....### #......#
#......# #......#
##....#.####
#...........


There were no monsters in sight!

Vanquished Creatures
  A worm (D:2)
  4 endoplasms
  3 giant cockroaches
  7 goblins
  A hobgoblin (D:1)
  A quokka (D:1)
  3 ball pythons (D:2)
  2 bats (D:1)
  2 frilled lizards (D:1)
  3 kobolds
  2 rats (D:1)
29 creatures vanquished.

Notes
Turn   | Place    | Note
-------+----------+-------------------------------------------
     0 | D:1      | qw the Gargoyle Hunter began the quest for the Orb.
     0 | D:1      | Reached XP level 1. HP: 12/12 MP: 1/1
     0 | D:1      | 0 ||| qw: Version: 0.3-a-83-gcd0e7d8
     0 | D:1      | 0 ||| qw: Game counter: 1923
     0 | D:1      | 0 ||| qw: Melee chars always use a shield: true
     0 | D:1      | 0 ||| qw: God list: Okawaru
     0 | D:1      | 0 ||| qw: Allow faded altars: false
     0 | D:1      | 0 ||| qw: Do Orc after clearing Dungeon:15 true
     0 | D:1      | 0 ||| qw: Do second Lair branch before Depths: true
     0 | D:1      | 0 ||| qw: Lair rune preference: random
     0 | D:1      | 0 ||| qw: Goals: Normal
     0 | D:1      | 0 ||| PLANNING D:1-11
    52 | D:1      | Reached XP level 2. HP: 17/17 MP: 2/2
   202 | D:1      | Found Zodal's Jewellery Boutique.
   221 | D:1      | 221 ||| SHOPLISTING +4 ring of protection (468 gold, have
                  | 41).
   221 | D:1      | 221 ||| SHOPLISTING +5 ring of evasion (468 gold, have 41).
   221 | D:1      | 221 ||| SHOPLISTING ring of positive energy (260 gold, have
                  | 41).
   221 | D:1      | 221 ||| SHOPLISTING ring of protection from cold (325 gold,
                  | have 41).
   221 | D:1      | 221 ||| SHOPLISTING ring of resist corrosion (260 gold,
                  | have 41).
   221 | D:1      | 221 ||| SHOPLISTING ring of the Akabeko {Drain rElec rF+
                  | Will+++ Stlth+} (834 gold, have 41).
   440 | D:1      | 440 ||| READING scroll labelled WUWEAH BEKHLIODGHARCH.
   441 | D:1      | 441 ||| READING scroll labelled OMIPUSSAOFF.
   442 | D:1      | 442 ||| DRINKING 2 orange potions.
   547 | D:1      | 547 ||| DRINKING 2 fizzy pink potions.
   548 | D:1      | 548 ||| DROPPING scroll of butterflies.
   549 | D:1      | 549 ||| DROPPING potion of berserk rage.
   550 | D:1      | 550 ||| DROPPING potion of degeneration.
   681 | D:2      | Reached XP level 3. HP: 21/21 MP: 3/3
   725 | D:2      | Reached skill level 5 in Ranged Weapons
   886 | D:2      | Noticed Sigmund
   893 | D:2      | HP: 5/22 [something (2)]
   894 | D:2      | Slain by Sigmund

Levels and vault maps discovered:
D:1:      wander_arrival_desolate, layout_basic, serial_shops, shop
D:2:      layout_basic, uniq_sigmund

Skill      XL: |  1  2  3 |
---------------+----------+-----
Ranged Weapons | 5 |  5.0
Fighting       | |  2.4
Dodging        | |  1.5
Stealth        | |  1.1

Action                     || total
---------------------------++-------
   Fire: Shortbow          ||    91
    Use: Scroll            ||     2
         Potion            ||     2
 Armour: Leather armour    ||    16
  Dodge: Dodged            ||    17

Table legend:
 A = Non-vault XP
 B = Vault XP
 C = Vault XP percentage of total XP
 D = Non-vault monster count
 E = Vault monster count
 F = Vault count percentage of total count
                 A         B        C        D         E       F
            +---------+---------+-------+---------+---------+-------
      Total |      51 |       0 |   0.0 |      29 |       0 |   0.0
            +---------+---------+-------+---------+---------+-------
        D:1 |      26 |       0 |   0.0 |      16 |       0 |   0.0
        D:2 |      25 |       0 |   0.0 |      13 |       0 |   0.0
            +---------+---------+-------+---------+---------+-------
